 Dungeon Crawl Stone Soup version bcrawl-1.23.1 (webtiles) character file.

Game seed: 2739927407587804631

243 funkygono the Covered (level 5, 0/47 HPs)
             Began as a Minotaur Fighter on May 27, 2020.
             Slain by a bullfrog skeleton (1 damage)
             ... on level 4 of the Dungeon.
             The game lasted 00:05:56 (2929 turns).

funkygono the Covered (Minotaur Fighter)            Turns: 2929, Time: 00:05:56

Health: 0/47       AC: 10    Str: 26    XL:     5   Next: 82%
Magic:  4/4        EV:  6    Int:  5    God:
Gold:   200        SH: 10    Dex: 10    Spells: 4/4 levels left

rFire    . . .     SeeInvis .   a - +1 flail
rCold    . . .     Gourm    .   c - +0 medium shield
rNeg     . . .     Faith    .   b - +0 scale mail
rPois    .         Spirit   .   (helmet unavailable)
rElec    .         Reflect  .   n - +0 cloak
rCorr    .         Harm     .   (no gloves)
MR       .....                  (no boots)
Stlth    ..........             (no amulet)
HPRegen  0.15/turn              (no ring)
MPRegen  0.09/turn              (no ring)

@: mighty
A: retaliatory headbutt, horns 3, iridescent scales 1, no potion heal 1
a: no special abilities


You were on level 4 of the Dungeon.
You were not hungry.

You visited 1 branch of the dungeon, and saw 4 of its levels.

You collected 200 gold pieces.

Inventory:

Hand Weapons
 a - a +1 flail (weapon)
 h - a +4 quarterstaff of chaos
Missiles
 j - 450 stones (quivered)
 l - 176 sling bullets
Armour
 b - a +0 scale mail (worn)
 c - a +0 medium shield (worn)
 n - a +0 cloak (worn)
Magical Staves
 o - an uncursed staff of cold
Wands
 f - a wand of digging (7)
Scrolls
 g - 2 scrolls of remove curse
Potions
 k - a potion of berserk rage {unknown}
 m - 4 potions of curing
 p - 2 potions of brilliance {unknown}
 q - 3 potions of agility {unknown}
 r - a potion of heal wounds
Comestibles
 e - 7 rations {!d}


   Skills:
 + Level 4.3 Fighting
 + Level 4.5 Maces & Flails
 + Level 5.1 Armour
 + Level 1.3 Dodging
 + Level 0.1 Stealth
 + Level 4.9 Shields


You had 4 spell levels left.
You didn't know any spells.
Your spell library was empty.

Dungeon Overview and Level Annotations

Branches:
Dungeon (4/12)
 Temple: D:4-7

Altars:
Beogh

Annotations:
D:4 1 transporter, Grinder


Innate Abilities, Weirdness & Mutations

You reflexively headbutt those who attack you in melee.
You have a pair of large horns on your head.
You are partially covered in iridescent scales. (AC +2)
Potions are less effective at restoring your health.


Message History

The bullfrog skeleton is moderately damaged.
You block the bullfrog skeleton's attack.
Something hits you but does no damage.
The bullfrog skeleton barely misses you.
Something hits you.
* * * LOW HITPOINT WARNING * * *
You writhe in agony.
* * * LOW HITPOINT WARNING * * *
You feel very mighty all of a sudden.
You block the bullfrog skeleton's attack.
Something tries to affect you, but you resist.
You sock the bullfrog skeleton!
The bullfrog skeleton is severely damaged.
The bullfrog skeleton hits you.
* * * LOW HITPOINT WARNING * * *
Something hits you.
* * * LOW HITPOINT WARNING * * *
The bullfrog skeleton hits you but does no damage.
You miss something. The bullfrog skeleton hits you.
You die...

#......<....#
##.#
#.........###
#.#
#...........#
#.#
#...........#
#..
#..!........#
##.
#......?....#
..
###..###....#
#.
............##
###.©.####.{@#
### ###Z.# .$
##.# .# .. ...
.... .###


You could see a bullfrog skeleton.

Vanquished Creatures
  2 orc priests (D:3)
  Crazy Yiuf (D:2)
  2 worker ants (D:3)
  Robin (D:3)
  3 adders
  A worm (D:2)
  3 dart slugs
  2 leopard geckos
  3 orcs
  6 bats
  2 giant cockroaches
  6 goblins
  8 hobgoblins
  3 jackals (D:2)
  A quokka (D:3)
  A ball python (D:2)
  A frilled lizard (D:1)
  10 kobolds
  9 rats
65 creatures vanquished.

Notes
Turn   | Place    | Note
-------+----------+-------------------------------------------
     0 | D:1      | funkygono the Minotaur Fighter began the quest for the Orb.
     0 | D:1      | Reached XP level 1. HP: 19/19 MP: 0/0
   223 | D:1      | Reached XP level 2. HP: 27/27 MP: 1/1
   838 | D:2      | Reached skill level 4 in Armour
   947 | D:2      | Found a runed door.
   951 | D:2      | Noticed Crazy Yiuf
   956 | D:2      | Killed Crazy Yiuf
   956 | D:2      | Reached XP level 3. HP: 4/33 MP: 0/2
   957 | D:2      | Gained mutation: Your magical capacity is low. (-10% MP)
                  | [potion of mutation]
   957 | D:2      | Gained mutation: You are partially covered in iridescent
                  | scales. (AC +2) [potion of mutation]
   957 | D:2      | Gained mutation: You have large cloven feet. [potion of
                  | mutation]
   957 | D:2      | Gained mutation: You have a pair of large horns on your
                  | head. [potion of mutation]
   986 | D:2      | Lost mutation: You have a pair of large horns on your head.
                  | [potion of mutation]
   986 | D:2      | Lost mutation: You have large cloven feet. [potion of
                  | mutation]
   986 | D:2      | Lost mutation: Your magical capacity is low. (-10% MP)
                  | [potion of mutation]
   986 | D:2      | Gained mutation: Potions are less effective at restoring
                  | your health. [potion of mutation]
   986 | D:2      | Gained mutation: You have a pair of large horns on your
                  | head. [potion of mutation]
  1237 | D:2      | Reached XP level 4. HP: 40/40 MP: 3/3
  1971 | D:3      | Reached skill level 1 in Dodging
  1985 | D:3      | Noticed Robin
  1995 | D:3      | Killed Robin
  1995 | D:3      | Reached XP level 5. HP: 46/46 MP: 4/4
  2583 | D:3      | Found a roughly hewn altar of Beogh.
  2594 | D:3      | Reached skill level 5 in Armour
  2901 | D:4      | Noticed Grinder
  2902 | D:4      | Paralysed by Grinder for 4 turns
  2906 | D:4      | Found a transporter.
  2915 | D:4      | Paralysed by something for 4 turns
  2922 | D:4      | Paralysed by something for 3 turns
  2928 | D:4      | HP: 1/47 [something (6)]
  2929 | D:4      | Slain by a bullfrog skeleton

Skill      XL: |  1  2  3  4  5 |
---------------+----------------+-----
Shields        | 4 |  4.9
Armour         | 4 5 |  5.1
Fighting       | 4 |  4.3
Maces & Flails | 3 4 |  4.5
Dodging        | 1 |  1.3
Stealth        | |  0.1

Action                   |  1- 3 |  4- 6 || total
-------------------------+-------+-------++-------
Melee: Flail             |    68 |   115 ||   183
       Headbutt          |    11 |    17 ||    28
  Use: Scroll            |     4 |     1 ||     5
       Potion            |     3 |     1 ||     4
  Eat: Chunk             |     1 |     6 ||     7
Armor: Scale mail        |    28 |    63 ||    91
Dodge: Dodged            |    17 |    35 ||    52
Block: Medium shield     |    37 |    55 ||    92
